 Dungeon Crawl Stone Soup version 0.24-b1 (webtiles) character file.

Game seed: 8657338765559849866, levelgen mode: deterministic

610 DroneFragger the Slasher (level 7, -14/57 HPs)
             Began as a Black Draconian Fighter on Oct 12, 2019.
             Killed from afar by an orc wizard (38 damage)
             ... with an exploding inner flame
             ... hexed by the player character
             ... on level 4 of the Dungeon.
             The game lasted 00:06:41 (2933 turns).

DroneFragger the Slasher (Black Draconian Fighter)  Turns: 2933, Time: 00:06:42

Health: -14/57     AC:  8    Str: 20 (23) XL:     7   Next: 20%
Magic:  7/7        EV: 10    Int: 11 (14) God:
Gold:   183        SH:  8    Dex:  8 (10) Spells: 6/6 levels left

rFire    . . .     SeeInvis .   a - +0 long sword
rCold    . . .     Gourm    .   b - +0 shield
rNeg     . . .     Faith    .   (armour unavailable)
rPois    .         Spirit   .   (helmet restricted)
rElec    +         Reflect  .   (no cloak)
rCorr    .         Harm     .   e - +1 pair of gloves {Str+3}
MR       .....                  (no boots)
Stlth    +.........             (no amulet)
HPRegen  0.19/turn              (no ring)
MPRegen  0.10/turn              (no ring)

@: brilliant, hasted, very quick
A: breathe lightning, unfitting armour, electricity resistance, cold-blooded, AC
+6
a: Breathe Lightning


You were on level 4 of the Dungeon.
You were not hungry.

You visited 1 branch of the dungeon, and saw 4 of its levels.

You collected 183 gold pieces.

Inventory:

Hand Weapons
 a - a +0 long sword (weapon)
Armour
 b - a +0 shield (worn)
 e - a +1 pair of gloves of strength (worn)
Jewellery
 p - an uncursed ring of poison resistance {unknown}
Wands
 j - a wand of random effects (17)
 o - a wand of flame (9)
Scrolls
 h - 5 scrolls of identify {unknown}
 k - a scroll of teleportation {unknown}
 t - a scroll of blinking {unknown}
Potions
 c - a potion of might
 m - 2 potions of curing {unknown}
 n - a potion of mutation {unknown}
 q - a potion of heal wounds {unknown}
 s - a potion of brilliance
Comestibles
 d - 7 rations


   Skills:
 - Level 3.5 Fighting
 * Level 7.8 Long Blades
 - Level 2.8 Dodging
 - Level 3.1 Shields


You had 6 spell levels left.
You didn't know any spells.
Your spell library was empty.

Dungeon Overview and Level Annotations

Branches:
Dungeon (4/15)
 Temple: D:4-7

Altars:
Hepliaklqana
Makhleb
Qazlal
Ru
Zin
The Shining One


Innate Abilities, Weirdness & Mutations

You can breathe wild blasts of lightning.
Your glossy black scales are hard. (AC +6)
You cannot fit into any form of body armour.
You are resistant to electric shocks. (rElec)
You are cold-blooded and may be slowed by cold attacks.


Message History

All of the chunks of flesh in your inventory have rotted away.
The orc wizard hits you but does no damage.
You barely miss the orc wizard.
The orc wizard is heavily wounded.
You block the orc wizard's attack.
The orc wizard hits you but does no damage.
You block the orc wizard's attack.
You barely miss the orc wizard.
The orc wizard is heavily wounded.
You block the orc's attack. The orc hits you with a +0 war axe.
The orc wizard hits you but does no damage. x2
You hit the orc wizard.
Your tail-slap misses the orc wizard.
The orc wizard is severely wounded.
The orc wizard barely misses you. The orc barely misses you.
You block the orc wizard's attack. You block the orc's attack.
You slash the orc wizard!
The orc wizard explodes!
The fiery explosion engulfs you!!!
Ouch! That really hurt!
You die...

#.# #.###.###.# ###.....# #.#
#.# #.###.## #........ #+#
#.# #......# #.###.### ...
#.# #####.## #..##.# # ....
#.# ### #.# #.....# # .....
#.###.###.# #..##.###
......#))....§§.#####..#...##
.....>')...oo§§..............
......####.o@##.######.#...##
.<... ##o###.# #.##.## ....
### #.# #.#### ... ... #.##
#+ ... #..# ... ##.# #.# #.#
#.#####


You could see 2 orc wizards and 2 orcs.

Vanquished Creatures
  Sigmund (D:2)
  An ogre (D:4)
  A scorpion (D:4)
  An orc priest (D:3)
  A hound (D:2)
  An orc wizard (D:2)
  Jessica (D:3)
  3 worker ants
  2 hound skeletons (D:4)
  2 adders
  2 oozes (D:1)
  2 adder skeletons (D:4)
  2 worms
  A dart slug (D:1)
  2 leopard geckos
  9 orcs
  2 ball pythons
  7 bats
  2 giant cockroaches (D:3)
  3 goblins
  2 hobgoblins (D:2)
  12 jackals
  4 kobolds
  2 quokkas
  3 frilled lizards
  11 rats
80 creatures vanquished.

Notes
Turn   | Place    | Note
-------+----------+-------------------------------------------
     0 | D:1      | DroneFragger the Draconian Fighter began the quest for the
                  | Orb.
     0 | D:1      | Reached XP level 1. HP: 19/19 MP: 1/1
   121 | D:1      | Reached XP level 2. HP: 26/26 MP: 2/2
   720 | D:2      | Reached skill level 3 in Long Blades
   720 | D:2      | Reached XP level 3. HP: 31/31 MP: 3/3
   721 | D:2      | Noticed Sigmund
   738 | D:2      | Killed Sigmund
   738 | D:2      | Reached skill level 5 in Long Blades
   738 | D:2      | Reached XP level 4. HP: 8/38 MP: 4/4
   738 | D:2      | Reached XP level 5. HP: 9/45 MP: 5/5
  1137 | D:2      | Found a stormy altar of Qazlal.
  1138 | D:2      | Found a sacrificial altar of Ru.
  1377 | D:2      | Found a glowing golden altar of the Shining One.
  1467 | D:2      | Reached skill level 6 in Long Blades
  1469 | D:2      | Found a burning altar of Makhleb.
  1647 | D:3      | Noticed Jessica
  1655 | D:3      | Killed Jessica
  1655 | D:3      | Reached XP level 6. HP: 51/51 MP: 6/6
  1988 | D:3      | Found a faded altar of an unknown god.
  2577 | D:4      | Reached skill level 7 in Long Blades
  2619 | D:4      | Found a hazy altar of Hepliaklqana.
  2622 | D:4      | Found a glowing silver altar of Zin.
  2708 | D:4      | Your scales start taking on a glossy black colour.
  2708 | D:4      | Reached XP level 7. HP: 57/57 MP: 7/7
  2708 | D:4      | Gained mutation: You are resistant to electric shocks.
                  | (rElec) [Black Draconian growth]
  2933 | D:4      | Killed from afar by an orc wizard

Skill      XL: |  1  2  3  4  5  6 |
---------------+-------------------+-----
Long Blades    | 3 5 6 7 |  7.8
Fighting       | |  3.5
Dodging        | |  2.8
Shields        | |  3.1

Action                   |  1- 3 |  4- 6 |  7- 9 || total
-------------------------+-------+-------+-------++-------
Melee: Long sword        |    50 |   166 |    34 ||   250
       Tailslap          |    10 |    17 |     3 ||    30
  Use: Potion            |       |       |     3 ||     3
       Scroll            |       |       |     2 ||     2
  Eat: Chunk             |       |     6 |     1 ||     7
Armor: Skin              |    15 |    72 |    18 ||   105
Dodge: Dodged            |    16 |    83 |    16 ||   115
Block: Shield            |    25 |    79 |    25 ||   129
       Rpst.: Long sword |     9 |    19 |     5 ||    33
